 Dungeon Crawl Stone Soup version 0.31-a0-229-g1fc7ce93e2 (webtiles) character file.

Game seed: 6929709678160883734

63 qw the Shooter (level 4, -7/26 HPs)
             Began as a Gargoyle Hexslinger on July 6, 2023.
             Mangled by an ogre
             ... wielding a +0 giant club
              (9 damage)
             ... on level 4 of the Dungeon.
             The game lasted 00:00:41 (1879 turns).

qw the Shooter (Gargoyle Hexslinger)                Turns: 1879, Time: 00:00:42

Health: -7/26      AC: 14    Str: 11    XL:     4   Next: 9%
Magic:  5/5        EV: 10    Int: 14    God:
Gold:   187        SH:  0    Dex: 20    Spells: 4/5 levels left

rFire   . . .        Y - +1 sling
rCold   . . .        (no shield)
rNeg    + . .        e - +0 ring mail
rPois   inf          o - +2 hat
rElec   +            j - +0 cloak
rCorr   .            (no gloves)
SInv    .            f - +2 pair of boots
Will    .....        (no amulet)
Stlth   +            i - +6 ring of dexterity
HPRegen 0.24/turn    (no ring)
MPRegen 0.09/turn

%: no passive effects
@: about to teleport
A: sickness immunity, AC +3, negative energy resistance 1, electricity
resistance, torment resistance 1, petrification resistance
a: no special abilities


You were on level 4 of the Dungeon.
You visited 1 branch of the dungeon, and saw 4 of its levels.

You collected 187 gold pieces.


Innate Abilities, Weirdness & Mutations

You are immune to sickness and miasma.
Your stone body is resilient. (AC +3)
You are immune to poison.
You resist negative energy. (rN+)
You are resistant to electric shocks. (rElec)
You are resistant to unholy torment.
You are immune to petrification.


   Skills:
 - Level 2.2 Fighting
 + Level 3.6 Ranged Weapons
 - Level 1.0 Armour
 - Level 1.5 Dodging
 - Level 1.0 Spellcasting
 - Level 2.6 Hexes


You had 4 spell levels left.
You knew the following spells:

 Your Spells              Type           Power      Damage    Failure   Level
a - Slow                  Hex            32%        N/A       21%         1

Your spell library contained the following spells:

 Spells                   Type           Power      Damage    Failure   Level
 Inner Flame              Hex/Fire       4%         N/A       71%         3
 Portal Projectile        Hex/Tloc       8%         N/A       71%         3
 Cause Fear               Hex            4%         N/A       90%         4

Inventory:

Hand Weapons
 Y - a +1 sling (weapon)
Armour
 e - a +0 ring mail (worn)
 f - a +2 pair of boots (worn)
 j - a +0 cloak (worn)
 o - a +2 hat (worn)
Jewellery
 i - a +6 ring of dexterity (left hand)
Scrolls
 g - a scroll of identify
Potions
 a - a potion of resistance
 b - 2 potions of curing
 c - a potion of invisibility {unknown}
 d - a potion of might {unknown}
 h - a potion of cancellation {unknown}
 k - a potion of haste {unknown}
 m - a potion of degeneration {unknown}
 p - a potion of brilliance {unknown}

Dungeon Overview and Level Annotations

Branches:
Dungeon (4/15)
 Temple: D:4-7

Altars:

Annotations:
D:3 3 runed translucent doors, qw's ghost, amateur GrHs


Message History

As you read the scroll of identify, it crumbles to dust.
a - a potion of resistance;
1841 ||| IDENTIFYING fizzy grey potion Could not explore, unopened runed door.
(D) Dungeon
Where to? (* - list waypoints, Enter - D:3, ? - help)
What level of the Dungeon? (default 1, ? - help)
You see here 7 stones.
There is a stone staircase leading down here.
You climb downwards.
Found a stone staircase leading up.
There is a stone staircase leading up here.
Waypoint 3 assigned to D:4.
You open the door.
There is an open door here.
An ogre comes into view. It is wielding a +0 giant club.
You shoot a sling bullet. The ogre shouts!
The sling bullet hits the ogre!
The ogre is moderately wounded.
You shoot a sling bullet. The sling bullet hits the ogre.
The ogre is moderately wounded.
You shoot a sling bullet. The sling bullet hits the ogre.
The ogre is moderately wounded.
You shoot a sling bullet.
The sling bullet barely misses the ogre.
You shoot a sling bullet. The sling bullet hits the ogre.
The ogre is moderately wounded.
You shoot a sling bullet.
The sling bullet hits the ogre but does no damage.
The ogre is moderately wounded.
The ogre hits you with a +0 giant club!
Ouch! That really hurt!
You shoot a sling bullet.
The sling bullet barely misses the ogre.
The ogre hits you with a +0 giant club!
1879 ||| READING scroll of teleportation.
As you read the scroll of teleportation, it crumbles to dust.
You feel strangely unstable. The ogre hits you with a +0 giant club!
You die...

...................
...................
...................
........#'#<.......
........#.######...
...............+ .
........#.######
........O..$.....
####..#@#######..
#...$.......
##.#.####### #.#..
# ###


You could see an ogre.

Vanquished Creatures
  2 adders
  3 worms (D:3)
  2 ball pythons (D:1)
  6 endoplasms
  A giant cockroach (D:2)
  5 goblins
  A hobgoblin (D:1)
  4 quokkas
  2 bats
  4 frilled lizards (D:1)
  2 kobolds
  3 rats
35 creatures vanquished.

Notes
Turn   | Place    | Note
-------+----------+-------------------------------------------
     0 | D:1      | qw the Gargoyle Hexslinger began the quest for the Orb.
     0 | D:1      | Reached XP level 1. HP: 12/12 MP: 2/2
     0 | D:1      | 0 ||| qw: Version: 0.3-a-46-gb1f654a
     0 | D:1      | 0 ||| qw: Game counter: 1450
     0 | D:1      | 0 ||| qw: Melee chars always use a shield: true
     0 | D:1      | 0 ||| qw: God list: Okawaru
     0 | D:1      | 0 ||| qw: Allow faded altars: false
     0 | D:1      | 0 ||| qw: Do Orc after clearing Dungeon:15 true
     0 | D:1      | 0 ||| qw: Do second Lair branch before Depths: true
     0 | D:1      | 0 ||| qw: Lair rune preference: random
     0 | D:1      | 0 ||| qw: Goals: Normal
     0 | D:1      | 0 ||| PLANNING D:1-11
   190 | D:1      | Reached XP level 2. HP: 16/16 MP: 3/3
   417 | D:1      | Reached skill level 3 in Ranged Weapons
   587 | D:1      | 587 ||| UPGRADING to +0 ring mail.
   597 | D:1      | 597 ||| DROPPING +0 robe.
   598 | D:1      | 598 ||| READING scroll labelled GOEKOW YKEI.
   602 | D:1      | 602 ||| READING scroll labelled JIT WIQUMM.
   603 | D:1      | 603 ||| READING 3 scrolls labelled TIFU SALEAGI.
   604 | D:1      | 604 ||| DROPPING scroll of poison.
   605 | D:1      | 605 ||| DROPPING 2 scrolls of immolation.
   741 | D:2      | Reached XP level 3. HP: 10/21 MP: 4/4
  1192 | D:2      | 1192 ||| UPGRADING to +2 pair of boots.
  1197 | D:2      | 1197 ||| UPGRADING to +0 cloak.
  1202 | D:2      | 1202 ||| UPGRADING to +2 hat.
  1207 | D:2      | 1207 ||| UPGRADING to +6 ring of dexterity.
  1208 | D:2      | 1208 ||| READING scroll labelled YNKAX DABEMUKK.
  1209 | D:2      | 1209 ||| READING 3 scrolls labelled YRUYJUYMUO.
  1210 | D:2      | 1210 ||| READING scroll labelled TUUZIT GALAC.
  1211 | D:2      | 1211 ||| READING 2 scrolls of identify.
  1211 | D:2      | 1211 ||| IDENTIFYING white potion
  1268 | D:3      | Reached skill level 1 in Armour
  1616 | D:3      | Found a runed translucent gate.
  1616 | D:3      | Found a runed translucent gate.
  1616 | D:3      | Found a runed translucent gate.
  1619 | D:3      | Noticed qw's ghost (amateur GrHs)
  1667 | D:3      | Reached XP level 4. HP: 26/26 MP: 5/5
  1841 | D:3      | 1841 ||| READING 2 scrolls of identify.
  1841 | D:3      | 1841 ||| IDENTIFYING fizzy grey potion
  1871 | D:4      | Noticed an ogre
  1878 | D:4      | HP: 2/26 [ogre/+0 giant club (12)]
  1879 | D:4      | 1879 ||| READING scroll of teleportation.
  1879 | D:4      | Mangled by an ogre

Levels and vault maps discovered:
D:1:      lemuel_arrival_rhombus, layout_basic, minmay_split_cup_small
D:2:      layout_rooms, serial_forest, infiniplex_forest_zigzag_2,
          infiniplex_forest_end_2, infiniplex_forest_lined_3_way,
          infiniplex_forest_zigzag_1, infiniplex_forest_clump_diagonal,
          infiniplex_forest_clump_double, infiniplex_forest_clump_double,
          infiniplex_forest_lined_3_way, infiniplex_forest_zigzag_1
D:3:      layout_basic, gammafunk_ghost_necromancy
D:4:      kennysheep_big_flooded_room, layout_basic, general_overflow_altar,
          lightli_minifort

Skill      XL: |  1  2  3 |
---------------+----------+-----
Ranged Weapons | 3 |  3.6
Fighting       | 2 |  2.2
Armour         | 1 |  1.0
Dodging        | |  1.5
Spellcasting   | |  1.0
Hexes          | |  2.6

Action                     |  1- 3 |  4- 6 || total
---------------------------+-------+-------++-------
   Fire: Sling             |   127 |    15 ||   142
    Use: Scroll            |     7 |     2 ||     9
 Armour: Robe              |    16 |       ||    16
         Ring mail         |    22 |       ||    22
  Dodge: Dodged            |    35 |       ||    35

Table legend:
 A = Non-vault XP
 B = Vault XP
 C = Vault XP percentage of total XP
 D = Non-vault monster count
 E = Vault monster count
 F = Vault count percentage of total count
                 A         B        C        D         E       F
            +---------+---------+-------+---------+---------+-------
      Total |      86 |       4 |   4.4 |      32 |       3 |   8.6
            +---------+---------+-------+---------+---------+-------
        D:1 |      19 |       4 |  17.4 |      13 |       3 |  18.8
        D:2 |      27 |       0 |   0.0 |       8 |       0 |   0.0
        D:3 |      40 |       0 |   0.0 |      11 |       0 |   0.0
            +---------+---------+-------+---------+---------+-------
